Map: 16-Bit LE

Players

Goomba - Winner!

  • Race: Terran Terran
  • League: Master
  • Spawn Location: 7:00

IIIIIIIIIIII

  • Race: Terran Terran
  • League: Master
  • Spawn Location: 1:00

VOD

Have the link to the VOD?

Description

Time

  • Played on: July 7, 2018, 4:39 p.m.
  • Length: 10:56
Show
View Real Time Build Order
Export as new Build Order

Goomba Terran - Winner!

Build Orders: Cyclone Opening, Mech 

Get SALT Encoding   

  12  0:02  SCV  
  13  0:14  SCV  
  13  0:20  Supply Depot  
  14  0:26  SCV  
  15  0:30  Refinery  
  15  0:42  SCV  
  16  0:46  Barracks  
  16  0:54  SCV  
  17  0:58  Refinery  
  17  1:06  SCV  
  18  1:18  SCV  
  19  1:34  Orbital Command  
  19  1:35  Reaper  
  19  1:39  Factory  
  20  1:50  Supply Depot  
  20  2:00  SCV  
  21  2:07  Reaper  
  22  2:12  SCV  
  25  2:23  Hellion  
  25  2:26  SCV  
  26  2:38  Command Center  
  26  2:41  Barracks Reactor  
  26  2:43  SCV  
  27  2:49  Cyclone  
  30  2:52  Supply Depot  
  30  3:01  SCV  
  31  3:15  SCV  
  32  3:26  Refinery  
  32  3:27  Cyclone x2  
  32  3:28  SCV  
  32  3:33  Starport  
  39  3:36  Barracks Tech Lab  
  39  3:50  Orbital Command, SCV  
  39  3:51  Supply Depot  
  40  4:00  Hellion  
  40  4:02  SCV  
  43  4:05  Hellion  
  44  4:14  SCV  
  45  4:17  Raven  
  45  4:20  SCV  
  45  4:23  Supply Depot  
  48  4:28  Cyclone  
  51  4:35  Cyclone  
  51  4:36  SCV  
  55  4:43  SCV  
  56  4:46  Supply Depot  
  56  4:49  SCV  
  57  4:57  SCV  
  58  5:01  SCV  
  59  5:07  Raven  
  59  5:09  Cyclone, Hellion  
  59  5:14  SCV x2  
  68  5:24  Supply Depot  
  68  5:28  Command Center  
  68  5:30  SCV x2  
  70  5:36  Barracks Reactor  
  70  5:37  Refinery  
  70  5:40  Supply Depot  
  70  5:42  SCV x2  
  72  5:44  Hellion  
  72  5:46  Hellion  
  76  5:54  SCV  
  76  5:56  SCV  
  78  6:00  Starport Reactor  
  78  6:01  Factory  
  78  6:04  Factory  
  78  6:06  SCV  
  78  6:08  SCV  
  78  6:09  Hellion  
  78  6:10  Hellion  
  84  6:13  Supply Depot  
  84  6:18  SCV  
  84  6:20  SCV  
  86  6:28  Armory  
  86  6:30  Hellion  
  86  6:31  Hellion  
  90  6:34  Armory  
  90  6:36  SCV  
  90  6:37  SCV  
  92  6:44  Medivac x2  
  96  6:47  Orbital Command  
  96  6:52  SCV x2  
  98  6:55  Infernal Pre-Igniter  
  98  7:03  Siege Tank  
  98  7:04  SCV x2  
  98  7:06  Hellion  
  107  7:08  Hellion  
  107  7:14  SCV  
  108  7:16  SCV  
  108  7:17  Refinery  
  108  7:19  Refinery  
  108  7:21  Medivac x2  
  113  7:31  SCV x2  
  113  7:32  SCV  
  116  7:44  Supply Depot  
  116  7:45  Siege Tank  
  116  7:46  Supply Depot, Hellion x3  
  116  7:48  Supply Depot, Terran Vehicle And Ship Armor Level 1  
  116  7:50  Terran Vehicle Weapons Level 1  
  125  8:00  Engineering Bay  
  125  8:06  SCV x3, Hellion  
  125  8:09  Viking x2  
  125  8:10  Supply Depot  
  133  8:18  Siege Tank, Hellion x2  
  133  8:19  Hellion  
  138  8:36  Hellion  
  138  8:40  Hellion x3  
  112  8:50  Siege Tank  
  112  8:54  Viking x2  
  113  8:57  Hellion  
  113  9:01  Hellion  
  113  9:02  SCV x2  
  113  9:07  Command Center  
  113  9:14  Hellion x2  
  117  9:18  SCV, Factory  
  117  9:20  SCV  
  117  9:21  Factory  
  117  9:22  Siege Tank  
  122  9:33  Viking x2  
  122  9:37  SCV x2  
  126  9:48  Hellion x2  
  126  9:49  SCV x2  
  126  9:50  SCV  
  133  9:54  Siege Tank  
  136  10:02  SCV x2  
  136  10:06  Viking, Hellion x2, Factory Tech Lab x2  
  136  10:07  Viking  
  146  10:11  Refinery  
  146  10:14  Hellion  
  146  10:15  Hellion  
  146  10:17  SCV x2  
  146  10:19  Refinery  
  166  10:46  Starport, Missile Turret  
  166  10:47  Missile Turret x2  
  166  10:49  Missile Turret x2  
  155  10:50  Missile Turret  
Show
View Real Time Build Order
Export as new Build Order

IIIIIIIIIIII Terran 

Build Orders: Cyclone Opening, MMM Bio 

Get SALT Encoding   

  12  0:00  SCV  
  13  0:12  SCV  
  14  0:18  Supply Depot  
  14  0:25  SCV  
  15  0:33  Refinery  
  15  0:39  SCV  
  16  0:46  Barracks  
  16  0:51  SCV  
  16  0:56  Refinery  
  17  1:03  SCV  
  18  1:16  SCV  
  19  1:33  Orbital Command, Reaper  
  19  1:38  Factory  
  20  1:50  Supply Depot  
  20  1:59  SCV  
  21  2:05  Reaper  
  22  2:11  SCV  
  23  2:22  Hellion  
  25  2:28  Command Center  
  25  2:30  SCV  
  26  2:39  Barracks Reactor  
  26  2:43  Cyclone  
  29  2:45  SCV  
  30  2:57  SCV  
  31  3:05  Starport, Supply Depot  
  30  3:09  SCV  
  31  3:17  Factory Tech Lab  
  31  3:26  Marine x2  
  34  3:27  SCV  
  34  3:39  SCV  
  35  3:42  Orbital Command  
  35  3:47  Raven  
  37  3:49  Marine x2  
  37  3:51  SCV  
  40  4:02  Cyclone  
  43  4:03  SCV  
  43  4:06  Marine x2  
  43  4:08  Supply Depot, SCV  
  47  4:15  SCV  
  48  4:20  SCV  
  49  4:24  Marine x2  
  49  4:27  SCV  
  49  4:31  Supply Depot  
  52  4:32  Raven, SCV  
  55  4:39  SCV  
  55  4:41  Factory Tech Lab  
  55  4:42  Marine x2  
  55  4:44  SCV  
  58  4:51  SCV  
  58  4:52  Command Center  
  59  4:54  Supply Depot  
  59  4:57  SCV  
  60  5:03  SCV  
  66  5:10  SCV  
  66  5:11  Siege Tank  
  65  5:16  SCV  
  65  5:17  Supply Depot  
  66  5:22  Refinery, SCV, Barracks  
  66  5:23  Refinery  
  66  5:24  Barracks  
  66  5:25  Starport Reactor  
  66  5:26  Marine  
  66  5:28  SCV  
  67  5:29  Stimpack  
  67  5:34  SCV  
  68  5:40  SCV  
  68  5:41  Supply Depot  
  69  5:44  Marine  
  69  5:46  SCV  
  71  5:53  Siege Tank, Engineering Bay  
  71  5:54  Engineering Bay  
  74  5:57  Supply Depot  
  74  5:58  SCV  
  74  6:00  SCV  
  74  6:02  Marine  
  77  6:04  Supply Depot  
  77  6:06  Orbital Command  
  77  6:08  Starport Reactor  
  77  6:10  SCV  
  78  6:12  SCV  
  79  6:19  Terran Infantry Weapons Level 1  
  79  6:20  Terran Infantry Armor Level 1, Marine x3  
  79  6:25  SCV x2  
  84  6:26  Orbital Command  
  84  6:28  Siege Tank  
  87  6:37  SCV x2, Marine  
  87  6:38  Marauder  
  92  6:49  SCV x2  
  92  6:50  Medivac x2  
  92  6:52  SCV  
  99  6:54  Supply Depot  
  99  6:58  Marine x4  
  99  7:00  Siege Tank  
  107  7:01  SCV x2  
  107  7:04  SCV  
  107  7:07  Refinery  
  109  7:08  Refinery  
  109  7:13  SCV x2  
  111  7:16  SCV  
  111  7:17  Marauder, Supply Depot, Marine x3  
  111  7:18  Marine  
  118  7:25  SCV x2  
  118  7:28  SCV  
  118  7:29  Viking x2  
  125  7:36  Supply Depot  
  125  7:37  SCV x2  
  125  7:38  Armory  
  125  7:40  Supply Depot  
  125  7:42  Marauder, Marine x3  
  125  7:43  Combat Shield  
  132  7:51  Barracks  
  131  7:52  Siege Tank  
  131  7:54  Barracks  
  134  7:59  Viking x2  
  134  8:04  Supply Depot  
  137  8:06  Supply Depot  
  137  8:14  Marine x2  
  137  8:15  Marauder, Marine x2  
  143  8:26  Supply Depot  
  142  8:29  Supply Depot  
  142  8:32  Marine  
  117  8:46  Marauder  
  107  8:49  Marine x2  
  101  8:58  SCV x2  
  101  9:00  Marine x2  
  100  9:08  Marauder  
  100  9:09  Viking x2  
  103  9:15  Barracks Tech Lab x2  
  100  9:23  Barracks  
  100  9:24  Barracks  
  100  9:25  Barracks  
  100  9:27  Marine x3  
  100  9:28  Marine  
  100  9:29  Marauder  
  106  9:31  Siege Tank  
  107  9:39  Viking x2  
  107  9:40  Marauder x2  
  107  9:45  Marine  
  115  9:48  SCV x2  
  115  9:50  Marauder  
  118  9:56  SCV  
  118  9:58  Marine x3  
  122  10:00  SCV  
  122  10:01  Marauder x2  
  122  10:03  Siege Tank, Marine  
  131  10:12  Marauder  
  131  10:13  Missile Turret x2, Command Center  
  133  10:14  Sensor Tower, Missile Turret  
  133  10:16  Barracks Tech Lab, Marine x3, Barracks Reactor x2  
  136  10:22  Marauder x2  
  136  10:26  Viking  
  144  10:33  Marauder  
Tags
 
Add a new tag
Caveats
  • Supply blocks, unpowered buildings, or Contaminate may cause inaccurate times.
  • Supply counts are checked every 10 seconds.